 Dungeon Crawl Stone Soup version 0.16.1-4-g8e1b745 (console) character file.

43 gw the Ducker (level 3, -3/21 HPs)
             Began as a Deep Elf Artificer on Mar 27, 2015.
             Slain by a worm (10 damage)
             ... on level 2 of the Dungeon.
             The game lasted 00:02:09 (1645 turns).

gw the Ducker (Deep Elf Artificer)                  Turns: 1645, Time: 00:02:09

Health: -3/21      AC:  7    Str:  8    XL:     3   Next: 37%
Magic:  7/7        EV: 11    Int: 16    God:
Gold:   59         SH:  0    Dex: 16    Spells: 0 memorised, 2 levels left

rFire  . . .     SeeInvis .     a - +0 short sword
rCold  . . .     Clarity  .     g - +0 ring mail
rNeg   . . .     SustAb   .     (no shield)
rPois  .         Gourm    .     (no helmet)
rElec  .         Spirit   .     e - +1 cloak
rCorr  .         Warding  .     (no gloves)
rMut   .         Stasis   .     (no boots)
MR     .....                    (no amulet)
Stlth  +.........               (no ring)
                                (no ring)

@: not resistant to hostile enchantments, very unstealthy
A: no striking features
a: no special abilities


You were on level 2 of the Dungeon.
You were not hungry.

You visited 1 branch of the dungeon, and saw 2 of its levels.

You collected 59 gold pieces.

Inventory:

Hand weapons
 a - a +0 short sword (weapon)
Armour
 e - a +1 cloak (worn)
 g - a +0 ring mail (worn)
Magical devices
 b - a wand of flame (10)
 c - a wand of enslavement (15)
 d - a wand of random effects (13)
Scrolls
 h - 4 scrolls of identify
 i - a scroll of immolation {unknown}
 m - a scroll of remove curse {unknown}
Potions
 j - a potion of restore abilities {unknown}
 l - a potion of cancellation {unknown}
Comestibles
 f - 3 bread rations
 k - 4 fruits


   Skills:
 + Level 1.9 Fighting
 - Level 1.0 Short Blades
 + Level 3.7 Dodging
 - Level 1.2 Stealth
 - Level 3.2 Evocations


You had 2 spell levels left.
You didn't know any spells.

Dungeon Overview and Level Annotations

Branches:
Dungeon (2/15)

Altars:
Ashenzari


Message History

Unknown command.
Unknown command.
Unknown command.
ATTACKING (-1,0)
You hit the worm but do no damage. The worm bites you.
Unknown command.
Unknown command.
Unknown command.
Unknown command.
ATTACKING (-1,0)
You barely miss the worm.
Unknown command.
Unknown command.
Unknown command.
Unknown command.
ATTACKING (-1,0)
You hit the worm.
The worm is lightly wounded.
The worm bites you!
You die...

...##.<..#.##
#.##.##
##...........##..#.#
.##.####.#.#.##..#.#
.##.# #...#.......#
....# ###....##...#
..### #....#....#
.## #......##.## ##
#.#...###..# #
#...we...# #
#..#####.# # .....#
.# # ....#..#
#.#.##..# #. #.w. #
#.#. #. . . .


You could see a worm.

Table legend:
 A = Turns spent in this place as a percentage of turns spent in the entire game.
 B = Non-inter-level travel turns spent in this place as a percentage of non-inter-level travel turns spent in the entire game.
 C = Inter-level travel turns spent in this place as a percentage of turns spent in this place.
 D = Turns resting spent in this place as a percentage of non-inter-level travel turns spent in this place.
 E = Turns spent auto-exploring this place as a percentage of non-inter-level travel turns spent in this place.
 F = Non-inter-level travel turns spent in this place divided by the number of levels of this place that you've seen.
                   A       B       C       D       E      F
               +-------+-------+-------+-------+-------+----------------------
         Total | 100.0 | 100.0 |   0.3 |   0.9 |   2.2 | 1482.0
       Dungeon | 100.0 | 100.0 |   0.3 |   0.9 |   2.2 | 1482.0
               +-------+-------+-------+-------+-------+----------------------

Table legend:
 A = Kills in this place as a percentage of kills in entire the game.
 B = Kills by you in this place as a percentage of kills by you in the entire game.
 C = Kills by friends in this place as a percentage of kills by friends in the entire game.
 D = Other kills in this place as a percentage of other kills in the entire game.
 E = Experience gained in this place as a percentage of experience gained in the entire game.
 F = Experience gained in this place divided by the number of levels of this place that you have seen.
                   A       B       C       D       E      F
               +-------+-------+-------+-------+-------+----------------------
         Total | 100.0 | 100.0 |  -nan |  -nan | 100.0 |  31.0
       Dungeon | 100.0 | 100.0 |  -nan |  -nan | 100.0 |  31.0
               +-------+-------+-------+-------+-------+----------------------

Vanquished Creatures
  An adder (D:2)
  6 bats
  2 giant cockroaches
  6 goblins
  4 hobgoblins
  4 kobolds
  A quokka (D:2)
  2 giant newts
  10 rats
36 creatures vanquished.

Notes
Turn   | Place    | Note
--------------------------------------------------------------
     0 | D:1      | gw, the Deep Elf Artificer, began the quest for the Orb.
     0 | D:1      | Reached XP level 1. HP: 11/11 MP: 2/2
   160 | D:1      | Reached skill level 1 in Fighting
   386 | D:1      | Reached XP level 2. HP: 16/16 MP: 5/5
  1124 | D:2      | Found a shattered altar of Ashenzari.
  1140 | D:2      | Reached XP level 3. HP: 19/21 MP: 7/7
  1193 | D:2      | HP: 1/21 [worm (8)]
  1645 | D:2      | Slain by a worm

Action                   || total
-------------------------++-------
Melee: Short sword       ||   144
Evoke: Wand              ||     7
  Use: Scroll            ||     3
  Eat: Chunk             ||     3

Vault maps used:
D:1:      dpeg_arrival_water_fire
D:2:      cheibriados_altar_wand_db, nicolae_overflow_hidden_temple,
          evilmike_ruin_ashenzari
